Cogmind - Beta 14 @@@ ROGUE MODE // 2025.03.07 @ 13:30:31 Player: swetpototo Result: Destroyed by Y-45 Defender with Beam Rifle Performance ------------- Evolutions (2) 1000 Regions Visited (4) 800 Robots Destroyed (50) 250 Value Destroyed (1104) 1104 Prototype IDs (3) 60 Alien Tech Used (0) 0 Bonus (25) 25 TOTAL SCORE: 3239 Bonus ------- High Alert Combat Kills 25 Cogmind --------- Core Integrity 0/550 Matter 198/300 Energy 99/100 System Corruption 5% Temperature Cool (9) Movement Core (50) Location -8/Materials Parts ------- > --- POWER (1) -------- (None) > --- PROPULSION (4) --- (None) > --- UTILITY (4) ------ (None) > --- WEAPON (2) ------- (None) > --- INVENTORY (5) ---- Ion Engine Small Matter Pod (50) Signal Interpreter EM Pulse Gun Improved Assault Rifle Peak State ------------ > --- POWER ------------ Heavy Ion Engine > --- PROPULSION ------- Aluminum Leg Aluminum Leg Improved Aluminum Leg Titanium Leg > --- UTILITY ---------- Heat Sink Improved Heat Sink Medium Storage Unit Visual Processing Unit > --- WEAPON ----------- Particle Cannon Advanced Beam Cannon > --- INVENTORY -------- Ion Engine Huge Storage Unit Small Matter Pod Signal Interpreter Tractor Beam Light Assault Rifle Light Assault Rifle Improved Assault Rifle Grenade Launcher Datajack [Rating: 23] Favorites ----------- Power Heavy Ion Engine Engine Heavy Ion Engine Power Core Light Nuclear Core Propulsion Aluminum Leg Leg Aluminum Leg Utility Medium Storage Unit Device Heat Sink Storage Medium Storage Unit Processor Visual Processing Unit Weapon Assault Rifle Energy Gun Small Laser Energy Cannon Advanced Beam Cannon Ballistic Gun Assault Rifle Ballistic Cannon Flak Cannon Launcher Grenade Launcher Build | -11 -10 -10 -9 -8 ------- Run | Yrd Mat Min Mat Mat Slots Evolved 4 | . . . 2 2 Power . | . . . . . Propulsion 2 | . . . . 2 Utility 2 | . . . 2 . Weapon . | . . . . . Parts Attached 45 | . 6 1 27 11 Power 8 | . 1 . 5 2 Engine 6 | . . . 4 2 Core 2 | . 1 . 1 . Reactor . | . . . . . Propulsion 16 | . . 1 11 4 Treads . | . . . . . Leg 16 | . . 1 11 4 Wheel . | . . . . . Hover . | . . . . . Flight . | . . . . . Utility 8 | . 3 . 3 2 Device 4 | . 2 . 2 . Storage 3 | . 1 . . 2 Processor 1 | . . . 1 . Hackware . | . . . . . Protection . | . . . . . Artifact . | . . . . . Weapon 13 | . 2 . 8 3 Energy Gun . | . . . . . Energy Cannon 5 | . . . 5 . Ballistic Gun 5 | . 2 . 3 . Ballistic Cannon 2 | . . . . 2 Launcher 1 | . . . . 1 Special Weapon . | . . . . . Impact Weapon . | . . . . . Slashing Weapon . | . . . . . Piercing Weapon . | . . . . . Special Melee Weapon . | . . . . . Unidentified Prototypes 3 | . . . 3 . Parts Lost 18 | . . . 6 12 Power 3 | . . . 2 1 Propulsion 6 | . . . 1 5 Utility 3 | . . . 1 2 Weapon 6 | . . . 2 4 Highest Loss Streak 7 | . . . 4 7 To Critical Strikes 1 | . . . . 1 Average Slot Usage (%) 85 | . 93 100 78 85 Engine 6 | . 7 . 5 8 Core 4 | . 7 14 3 . Leg 24 | . 28 28 20 28 Device 12 | . 7 14 13 14 Storage 11 | . 14 14 11 8 Processor 4 | . . . 6 8 Energy Cannon 8 | . . . 11 14 Ballistic Gun 11 | . 25 28 5 . Peak Build Rating 23 | 6 10 10 19 23 Average Rating 12 | 6 8 10 12 18 On Entrance 10 | 6 6 10 10 19 Naked Turns 22 | . . . . 22 Heaviest Build 28 | 13 20 20 28 28 Greatest Support 50 | 20 20 20 23 50 Greatest Overweight (x) 2 | . . . 2 1 Average Overweight (x) . | . . . . . Largest Inventory Capacity 25 | 8 10 10 10 25 Average Capacity 9 | 8 9 10 10 9 Most Carried 10 | 6 10 10 10 10 Average Carried 9 | 6 9 9 9 9 Final Capacity 10 | 8 10 10 10 5 Final Carried 10 | 6 10 10 10 5 Class Distribution -------------------- 55% | Mutant 44% | Scavenger-Mutant Dominant Class ---------------- Mutant | -10/Materials Mutant | -10/Mines Scavenger-Mutant | -9/Materials Scavenger-Mutant | -8/Materials Resources | -11 -10 -10 -9 -8 ----------- Run | Yrd Mat Min Mat Mat Matter Collected 807 | 200 239 . 288 80 Remotely . | . . . . . Salvage Created 1496 | . 471 . 573 452 Parts 96 | . 29 . 33 34 Haulers Intercepted 4 | . 1 . 2 1 Recyclers Shooed 3 | . 1 . 1 1 Parts Field Recycled . | . . . . . Retrieved Matter . | . . . . . Parts Self-Destructed . | . . . . . Prevented . | . . . . . Kills | -11 -10 -10 -9 -8 ------- Run | Yrd Mat Min Mat Mat Combat Hostiles Destroyed 34 | . 4 . 15 15 Guns 4 | . 4 . . . Cannons 19 | . . . 13 6 AOE 11 | . . . 2 9 Classes Destroyed 10 | . 6 . 1 3 Worker 2 | . 1 . . 1 Builder 2 | . 1 . . 1 Tunneler 2 | . . . . 2 Hauler 4 | . 1 . 2 1 Recycler 2 | . 2 . . . Operator 1 | . . . . 1 Watcher 3 | . 2 . 1 . Swarmer 16 | . . . 6 10 Grunt 17 | . 4 . 9 4 Specialist 1 | . . . . 1 Best Kill Streak 8 | . 7 . 7 8 Combat Bots Only 8 | . 2 . 6 8 Max Kills in Single Turn 3 | . 2 . 2 3 Gunslinging . | . . . . . Exploded 3 | . . . 2 3 Melee . | . . . . . Uniques/NPCs Destroyed . | . . . . . Combat | -11 -10 -10 -9 -8 -------- Run | Yrd Mat Min Mat Mat Hostile Shots Fired 264 | . 29 . 97 138 Missed 68 | . 8 . 26 34 Damage Taken 2856 | . 267 . 850 1739 Core 774 | . 63 . 156 555 Absorbed by Shields . | . . . . . Core Remaining (%) 78 | 100 . 74 61 . Volleys Fired 122 | . 30 . 52 40 Largest 2 | . 2 . 2 2 Hottest 136 | . 60 . 136 136 Shots Fired 195 | . 60 . 64 71 Gun 76 | . 60 . 16 . Cannon 110 | . . . 48 62 Launcher 9 | . . . . 9 Special . | . . . . . Kinetic 77 | . 55 . 16 6 Thermal 109 | . 5 . 48 56 Explosive 9 | . . . . 9 Electromagnetic . | . . . . . Robot Hit Streak 8 | . 4 . 7 8 Robot Miss Streak 6 | . 4 . 3 6 Penetration Max . | . . . . . Secondary Targets 2 | . 2 . . . Max Gunslinging Chain 1 | . 1 . . . Shots Hit Robots 114 | . 33 . 42 39 Core Hits 79 | . 19 . 22 38 Critical Kills . | . . . . . Critical Parts Destroyed . | . . . . . Critical Strikes . | . . . . . Melee Attacks . | . . . . . Impact . | . . . . . Slashing . | . . . . . Piercing . | . . . . . Sneak Attacks . | . . . . . Combat Hostiles . | . . . . . Follow-up Attacks . | . . . . . Damage Inflicted 3070 | . 503 . 971 1596 Guns 627 | . 503 . 124 . Cannons 1473 | . . . 683 790 Explosions 954 | . . . 162 792 Melee . | . . . . . Ramming 16 | . . . 2 14 Kinetic 748 | . 469 . 124 155 Thermal 1623 | . 34 . 845 744 Explosive 683 | . . . . 683 Electromagnetic . | . . . . . Impact . | . . . . . Slashing . | . . . . . Piercing . | . . . . . Highest Corruption 5 | . . . 1 5 Average Corruption 4 | . . . 1 5 Corruption Purged . | . . . . . Corruption Blocked . | . . . . . Effects 1 | . . . . 1 Heat Flow Errors 1 | . . . . 1 Overload Shots . | . . . . . Overflow Damage 67 | . . . . 67 Projectiles 1 | . . . . 1 Explosions 66 | . . . . 66 Melee . | . . . . . Knockbacks 5 | . . . . 5 Impact . | . . . . . Kinetic 5 | . . . . 5 Secondary . | . . . . . Self-Inflicted Damage 265 | . . . 86 179 Shots 3 | . . . 1 2 Rammed 1 | . . . . 1 Targets Rammed 3 | . . . 1 2 Kicked 2 | . . . 1 1 Crushed . | . . . . . Highest Temperature 211 | . 21 . 88 211 Average Temperature 33 | . 7 . 25 57 Received Heat Transfer 1038 | . 156 . 330 552 Siege Activations . | . . . . . Robots Corrupted . | . . . . . Combat Hostiles . | . . . . . Parts Fried . | . . . . . Impact Corruptions . | . . . . . Robots Melted . | . . . . . Combat Hostiles . | . . . . . Parts Melted 2 | . . . 2 . Heat Transferred 2741 | . 75 . 1469 1197 Parts Sabotaged . | . . . . . Parts Stolen . | . . . . . Parts Stripped . | . . . . . Power Chain Reactions . | . . . . . Alert | -11 -10 -10 -9 -8 ------- Run | Yrd Mat Min Mat Mat Peak Influence 603 | . 182 . 327 603 Initial 48 | . . . . 48 Average 139 | . 93 . 122 266 Maximum Alert Level 2 | . . . 1 2 Low Security (%) 76 | 100 100 100 79 35 Level 1 17 | . . . 20 38 Level 2 6 | . . . . 26 Level 3 . | . . . . . Level 4 . | . . . . . Level 5 . | . . . . . High Security . | . . . . . Max Security . | . . . . . Squads Dispatched 6 | . . . 2 4 Investigation . | . . . . . Extermination . | . . . . . Reinforcement 6 | . . . 2 4 Assault . | . . . . . Garrison . | . . . . . Intercept . | . . . . . Searches Triggered . | . . . . . Construction Impeded 2 | . . . 1 1 Haulers Reinforced . | . . . . . Active Scanning Responses . | . . . . . Cargo Convoy Interrupts . | . . . . . Stealth | -11 -10 -10 -9 -8 --------- Run | Yrd Mat Min Mat Mat Distress Signals 2 | . 1 . . 1 Communications Jammed . | . . . . . Distress Signals . | . . . . . Times Spotted 64 | . 8 . 21 35 Peak Tracking Total 14 | . 4 . 6 14 Tactical Retreats 1 | . . . 1 . Traps | -11 -10 -10 -9 -8 ------- Run | Yrd Mat Min Mat Mat Traps Triggered 3 | . 1 . 2 . Indirectly . | . . . . . Trap Hack Attempts . | . . . . . Triggered . | . . . . . Disarmed . | . . . . . Reprogrammed . | . . . . . Reused . | . . . . . Traps Extracted . | . . . . . Installed . | . . . . . Triggered . | . . . . . Machines | -11 -10 -10 -9 -8 ---------- Run | Yrd Mat Min Mat Mat Machines Disabled 9 | . . . 3 6 Max in Single Turn 4 | . . . 2 4 Machines Repaired . | . . . . . Machines Dismantled . | . . . . . Machines Sabotaged . | . . . . . Overloaded Fab Kills . | . . . . . Hacking | -11 -10 -10 -9 -8 --------- Run | Yrd Mat Min Mat Mat Machines Accessed 5 | . 2 . 3 . Terminals 5 | . 2 . 3 . Fabricators . | . . . . . Repair Stations . | . . . . . Recycling Units . | . . . . . Scanalyzers . | . . . . . Garrison Access . | . . . . . Total Hacks 14 | . 4 . 10 . Successful 6 | . 3 . 3 . Failed 8 | . 1 . 7 . Catastrophic 2 | . . . 2 . Database Lockouts . | . . . . . Manual 2 | . 2 . . . Terminals 14 | . 4 . 10 . Fabricators . | . . . . . Repair Stations . | . . . . . Recycling Units . | . . . . . Scanalyzers . | . . . . . Garrison Access . | . . . . . Terminal Hacks 6 | . 3 . 3 . Alert Level 1 | . . . 1 . Unreport Threat 2 | . . . 2 . Hauler Manifests 1 | . 1 . . . Zone Layout 2 | . 2 . . . Fabricator Hacks . | . . . . . Repair Station Hacks . | . . . . . Recycling Unit Hacks . | . . . . . Scanalyzer . | . . . . . Garrison Access Hacks . | . . . . . Unauthorized Hacks . | . . . . . Terminals . | . . . . . Fabricators . | . . . . . Repair Stations . | . . . . . Recycling Units . | . . . . . Scanalyzers . | . . . . . Garrison Access . | . . . . . Data Cores Recovered . | . . . . . Used . | . . . . . Hacking Detections 5 | . 2 . 3 . Full Trace Events 1 | . . . 1 . Feedback Events 1 | . . . 1 . Corruption 1 | . . . 1 . Feedback Blocked . | . . . . . Robot Schematics Acquired . | . . . . . Robots Built . | . . . . . Authchips . | . . . . . Time . | . . . . . Total Robot Build Rating . | . . . . . Part Schematics Acquired . | . . . . . Parts Built . | . . . . . Authchips . | . . . . . Time . | . . . . . Total Part Build Rating . | . . . . . Parts Repaired . | . . . . . Time . | . . . . . Parts Recycled . | . . . . . Recycled Matter . | . . . . . Retrieved Matter . | . . . . . Retrieved Components . | . . . . . Parts Scanalyzed . | . . . . . Part Schematics Acquired . | . . . . . Parts Damaged . | . . . . . Bothacking | -11 -10 -10 -9 -8 ------------ Run | Yrd Mat Min Mat Mat Used RIF Installer . | . . . . . Robots Hacked . | . . . . . Non-combat . | . . . . . Combat . | . . . . . Robot Hacks Applied . | . . . . . Relay Couplers Released . | . . . . . Fabnet Peak Effective % . | . . . . . Robots Rewired . | . . . . . Allies Hacked . | . . . . . Hacks Repelled . | . . . . . Allies | -11 -10 -10 -9 -8 -------- Run | Yrd Mat Min Mat Mat Total Allies . | . . . . . Largest Group . | . . . . . Highest-Rated Group . | . . . . . Highest-Rated Ally . | . . . . . Total Orders . | . . . . . Ally Attacks . | . . . . . Total Damage . | . . . . . Kills . | . . . . . Allies Corrupted . | . . . . . Allies Melted . | . . . . . Intel | -11 -10 -10 -9 -8 ------- Run | Yrd Mat Min Mat Mat Robot Analysis Total . | . . . . . Derelict Logs Recovered . | . . . . . Drone Launches . | . . . . . Drone Recoveries . | . . . . . Exploration | -11 -10 -10 -9 -8 ------------- Run | Yrd Mat Min Mat Mat Turns Passed 1724 | 3 496 111 717 397 Spaces Moved 855 | 3 253 85 324 190 Core 43 | . . . . 43 Treads . | . . . . . Legs 812 | 3 253 85 324 147 Wheels . | . . . . . Hover . | . . . . . Flight . | . . . . . Fastest Speed 50 | 120 120 120 120 50 Average Speed 129 | 120 120 120 147 113 Slowest Speed 260 | 120 120 120 260 200 Overloaded Moves . | . . . . . Propulsion Burnouts . | . . . . . Robots Hopped . | . . . . . Cave-ins Triggered . | . . . . . Exploration Rate (%) 23 | 2 41 23 26 26 Regions Visited 4 Branch Regions 1 Pre-discovered Areas . | . . . . . Known Exits Taken . | . . . . . Unknown Exits Taken 4 | 1 1 1 1 . Scrap Searched 1 | . . 1 . . Spaces Dug . | . . . . . Terrain Destroyed 123 | . . . 49 74 Melee . | . . . . . Projectile . | . . . . . AOE 123 | . . . 49 74 Terrain Rammed . | . . . . . Walls Destroyed . | . . . . . Machines Disabled . | . . . . . Actions | -11 -10 -10 -9 -8 --------- Run | Yrd Mat Min Mat Mat Total 1283 | 2 389 95 500 297 Wait 210 | . 79 5 77 49 Move 851 | 2 252 84 323 190 Hop . | . . . . . Pick Up 18 | . 9 2 5 2 Fast Attach 25 | . 6 . 16 3 Attach 6 | . . . 3 3 Detach 6 | . 4 . 1 1 Swap 14 | . . 1 8 5 Drop 28 | . 9 3 14 2 Fire 122 | . 30 . 52 40 Melee . | . . . . . Ram 1 | . . . . 1 Kick 2 | . . . 1 1 Crush . | . . . . . Escape Stasis . | . . . . . Rewire . | . . . . . Trap . | . . . . . Miscellaneous . | . . . . . Route ------- -11/Scrapyard -10/Materials -10/Mines -9/Materials -8/Materials History --------- Turn | Location | Event 1 | -11/Scrapyard | Discovered new exit (range 3) 4 | -11/Scrapyard | Entered Materials 313 | -10/Materials | Build established: Mutant 370 | -10/Materials | Discovered new exit (range 12) 500 | -10/Materials | Entered Mines 550 | -10/Mines | Met a Derelict bent on vengeance 589 | -10/Mines | Discovered new exit (range 10) 591 | -10/Mines | YI-UF0 nonchalantly dropped a Grenade Launcher on the ground 611 | -10/Mines | Entered Materials 611 | -9/Materials | Evolved 2 slots: Utility x2 731 | -9/Materials | Lost 4 parts (1p1u2w) 1179 | -9/Materials | Build established: Scavenger-Mutant 1266 | -9/Materials | Discovered new exit (range 11) 1328 | -9/Materials | Entered another Materials area 1328 | -8/Materials | Evolved 2 slots: Propulsion x2 1646 | -8/Materials | Destroyed 8 combat bots 1661 | -8/Materials | Lost 5 parts (3n1u1w) 1703 | -8/Materials | Core integrity fell below 50% 1703 | -8/Materials | Released all parts (2) 1706 | -8/Materials | Core integrity fell below 20% 1725 | -8/Materials | Destroyed by Y-45 Defender with Beam Rifle Last Messages --------------- 01696_ Slug penetrates L-31 Rogue. 01697_ L-31 Rogue knocked back. 01699_ Critical hit (Burn: +37). 01700_ G-47 Trooper knocked back. 01701_ M-13 Machinist repairs G-47 Trooper. 01701_ Flak Cannon destroyed. 01701_ System corrupted by crushing effect (+5). 01702_ Critical hit (Burn: +37). 01702_ Penetrated by Slug. 01702_ Flak Cannon destroyed. 01703_ Released Med. Storage Unit. 01703_ Released Visual Processing Unit. 01705_ T-07 Excavator destroyed. 01705_ Penetrated by Slug. 01715_ System corrupted: Heat flow error (+242). 01719_ Slammed into K-01 Serf. 01719_ K-01 Serf destroyed. 01719_ K-01 Serf collects debris. 01720_ Acquired 30 matter. 01724_ K-01 Serf collects debris. Map ----- +----------------------------------------------------+ | ????????????????????????????????????????? | | ????????????????????????????????????????? | | ????????????????????????????????????????? | | ????????????????????????????????????????? | | ????????????????????????????????????????? | | ????????????????????????????????????????? | | ????????????????????????????????????????? | | ????????????????????????????????????????? | | ????????????????????????????????????????? | | ????????????????????????????????????????? | | ????????????????????????????????????????? | | ?????????????#########??????????????????? | | ????????????? #??????????????????? | | ?????????????? #??????????????????? | | ?????????????? #??????????????????? | | ??????????????? #??????????????????? | | ??????????????? #??????????????????? | | ???????????????? ???????????????????? | | ???????????????? ?######????????????? | | ????????????????? ?##!!!!##???????????? | | ????????????????? ?#! !#???????????? | | ???????????????###+### #???????????? | | ???????????????# # ####????????? | | ???????????????# #????????? | | ???????????????# kY #????????? | | ????############ a @ #????????? | | ????# = * ####### +????????? | | ????# ##############???????? #????????? | | ????# #???????????????????????????????? | | ????# #???????????????????????????????? | | ????# #???????????????????????????????? | | ????# #???????????????????????????????? | | ???## ##??????????????????????????????? | | #### #??????????????????????????????? | | #??????????????????????????????? | | T #??????????????????????????????? | | #??????????????????????????????? | | #### #??????????????????????????????? | | ???#######??????????????????????????????? | | ????????????????????????????????????????? | | ????????????????????????????????????????? | | ????????????????????????????????????????? | | ????????????????????????????????????????? | | ????????????????????????????????????????? | | ????????????????????????????????????????? | | ????????????????????????????????????????? | | ????????????????????????????????????????? | | ????????????????????????????????????????? | | ????????????????????????????????????????? | | ????????????????????????????????????????? | +----------------------------------------------------+ Best States ------------- Heat Dissipation 55 Energy Generation 14 Energy Capacity 280 Matter Stores 300 Matter Capacity 300 Sight Range 18 Robot Scan Range 14 Terrain Scan Density 10 Evasion (%) 55 Item Schematics ----------------- None Robot Schematics ------------------ None Fabricated ------------ Nothing Alien Tech Used ----------------- None Achievements -------------- None Challenges ------------ None Game ------ Seed ActuatorExpertAutocannon Manual? 0 Play Time 00:17:21 Cumulative 93.8 hours Start 2025.03.07 @ 12:49:52 End 2025.03.07 @ 13:30:31 Sessions 1 Manual Loads 0 Difficulty Rogue Special Mode None Game No. 117 Rogue 47 Adventurer 54 Explorer 16 Win Type - Total 9 Types 8/0/1/0/0/0/0/0/0 Lore% 31 Gallery% 59 Achievement% 45 Wizard Run 0 Options --------- Layout 1 ASCII 0 Keyboard 1 Movement Arrows Keybinds 1 Fullscreen 1 Font 24/Smallcaps Map View 50x40 Zoom Use 0% Tactical HUD 1 Map Filters NONE Filters NONE Steam 1 RUN: ca99d885-749c-4e31-bcfb-f4b7a31b808b